 Dungeon Crawl Stone Soup version 0.20-a0-544-g2b9a704 (webtiles) character file.

1313 p0werm0de the Geomancer (level 8, -2/41 HPs)
             Began as a Gargoyle Earth Elementalist on Jan 31, 2017.
             Slain by a goblin zombie (3 damage)
             ... in an ossuary.
             The game lasted 00:11:26 (5118 turns).

p0werm0de the Geomancer (GrEE)                      Turns: 5118, Time: 00:11:26

Health: -2/41      AC:  9    Str: 13    XL:     8   Next: 58%
Magic:  13/14      EV: 12    Int: 15    God:
Gold:   236        SH:  0    Dex: 12    Spells: 8/16 levels left

rFire    + . .     SeeInvis .   y - +2 quarterstaff (chaos)
rCold    . . .     Gourm    .   c - +0 robe
rNeg     + . .     Faith    .   (shield currently unavailable)
rPois    ∞         Spirit   .   I - +0 helmet
rElec    +         Reflect  .   z - +0 cloak
rCorr    .         Harm     .   (no gloves)
MR       .....                  (no boots)
Stlth    ++........             (no amulet)
Regen    0.2/turn               (no ring)
                                f - ring of protection from fire

@: no status effects
A: negative energy resistance 1, electricity resistance, unbreathing,
petrification resistance, rot immunity, AC +5
a: no special abilities


You were in an ossuary.
You were not hungry.

You visited 1 branch of the dungeon, and saw 6 of its levels.
You also visited: Ossuary.

You collected 236 gold pieces.

Inventory:

Hand Weapons
 y - a +2 quarterstaff of chaos (weapon)
 D - a +0 blowgun
Missiles
 b - 4 tomahawks (quivered)
 g - 13 poisoned needles
 C - 3 curare-tipped needles
 L - 3 exploding tomahawks
 O - 2 poisoned tomahawks
Armour
 c - a +0 robe (worn)
 z - a +0 cloak (worn)
 I - a +0 helmet (worn)
 Q - a +0 chain mail
Jewellery
 f - a ring of protection from fire (left hand)
 q - an uncursed ring of ice
Wands
 x - a wand of random effects (23/48)
 E - a wand of polymorph (0/24)
 P - a wand of polymorph (8/24)
Scrolls
 a - 2 scrolls of teleportation
 h - 2 scrolls of magic mapping
 l - 2 scrolls of noise {unknown}
 t - 5 scrolls of remove curse
 u - a scroll of random uselessness {unknown}
 w - 3 scrolls of blinking
 B - a scroll of recharging {unknown}
 G - 2 scrolls of enchant armour
 K - a scroll of fog {unknown}
 M - a scroll of fear {unknown}
 N - 2 scrolls of identify
Potions
 i - 3 potions of curing {unknown}
 m - a potion of lignification {unknown}
 o - a potion of brilliance {unknown}
 p - a potion of cure mutation {unknown}
 s - 2 potions of haste {unknown}
 v - a potion of agility {unknown}
 A - 5 potions of heal wounds {unknown}
 F - 2 potions of mutation {unknown}
 H - a potion of degeneration {unknown}
 J - a potion of flight {unknown}
Books
 e - a book of Geomancy

   Spells                             Type                      Level
   a - Sandblast                      Earth                        1
   b - Passwall                       Transmutation/Earth          2
   c - Stone Arrow                    Conjuration/Earth            3
   d - Petrify                        Transmutation/Earth          4
   e - Lee's Rapid Deconstruction     Earth                        5
Comestibles
 d - 5 bread rations
 j - 2 royal jellies
 k - a chunk of flesh
 n - 3 fruits
 r - a meat ration


   Skills:
 - Level 1.5 Dodging
 - Level 2.1 Stealth
 * Level 4.5 Spellcasting
 - Level 0.7 Transmutations
 - Level 11.2 Earth Magic


You had 8 spell levels left.
You knew the following spells:

 Your Spells              Type           Power        Failure   Level  Hunger
f - Passwall              Tmut/Erth      ###.......   1%          2    ##.....
q - Sandblast             Erth           #####.       1%          1    None
r - Lee's Rapid Deconstr  Erth           #####.....   6%          5    ######.


Dungeon Overview and Level Annotations

Branches:
Dungeon (6/15)
 Temple: D:4-7

Altars:
Ashenzari
Gozag
Ru
Yredelemnul

Annotations:
D:5 Kenran's ghost, novice DDAr


Innate Abilities, Weirdness & Mutations

You are resistant to torment.
Your stone body is resilient. (AC +5)
You are immune to poison.
You resist negative energy. (rN+)
You are resistant to electric shocks. (rElec)
You can survive without breathing.
You are immune to petrification.
You are immune to rotting.


Message History

You sock the human zombie!
The human zombie is moving more slowly.
The human zombie is moderately damaged.
The goblin zombie barely misses you.
The human zombie hits you but does no damage.
You hit the human zombie.
The human zombie is moderately damaged.
The goblin zombie closely misses you.
The human zombie hits you but does no damage.
You hit the human zombie.
The human zombie emits a flash of light!
The human zombie is moderately damaged.
The mummy misses you. The human zombie hits you. The goblin zombie misses you.
You hit the mummy.
The mummy convulses.
The mummy is heavily damaged.
The gnoll zombie closely misses you.
The human zombie hits you but does no damage.
The mummy hits you!
* * * LOW HITPOINT WARNING * * *
The goblin zombie hits you.
You die...

.Z...Z
.....
#...#
#...#
##...##
##.....##
#...Z...#
#..ZMZ..#
#...@Z..#
##.....##
##...##
#####


You could see a mummy, a goblin zombie, a hobgoblin zombie, a gnoll zombie and a
human zombie (petrifying).

Vanquished Creatures
  The ghost of Kenran the Insei, a novice OpTm (Ossuary)
  Prince Ribbit (D:5)
  An acid dragon (D:5)
  2 ogres
  A scorpion (D:4)
  2 crimson imps (D:5)
  Crazy Yiuf (D:2)
  An orc priest (D:4)
  4 hounds
  Jessica (D:3)
  A centaur skeleton (D:4)
  An orc wizard (D:4)
  A worker ant (D:4)
  A hound skeleton (D:5)
  Robin (D:4)
  8 adders
  A shadow imp (D:5)
  An adder skeleton (D:4)
  3 worms
  A dart slug (D:3)
  3 leopard geckos
  5 orcs
  5 bats
  5 giant cockroaches
  13 goblins
  11 hobgoblins
  4 jackals (D:3)
  5 kobolds
  A quokka (D:4)
  7 frilled lizards
  A hobgoblin zombie (Ossuary)
  A rat (D:3)
95 creatures vanquished.

Notes
Turn   | Place    | Note
-------+----------+-------------------------------------------
     0 | D:1      | p0werm0de the Gargoyle Earth Elementalist began the quest for the Orb.
     0 | D:1      | Reached XP level 1. HP: 10/10 MP: 3/3
    66 | D:1      | Reached skill level 4 in Earth Magic
   217 | D:1      | Reached XP level 2. HP: 15/15 MP: 3/5
   683 | D:2      | Reached XP level 3. HP: 19/19 MP: 3/6
   687 | D:2      | Reached skill level 5 in Earth Magic
   999 | D:2      | Found a basalt altar of Yredelemnul.
   999 | D:2      | Found an opulent altar of Gozag.
  1190 | D:3      | Reached XP level 4. HP: 24/24 MP: 4/7
  1229 | D:3      | Learned a level 2 spell: Passwall
  1292 | D:2      | Found a runed door.
  1465 | D:2      | Noticed Crazy Yiuf
  1472 | D:2      | Killed Crazy Yiuf
  1472 | D:2      | Reached skill level 6 in Earth Magic
  2281 | D:3      | Noticed Jessica
  2283 | D:3      | Killed Jessica
  2283 | D:3      | Reached XP level 5. HP: 28/28 MP: 5/8
  2329 | D:3      | Reached skill level 7 in Earth Magic
  2345 | D:3      | Found a shattered altar of Ashenzari.
  2818 | D:4      | Reached XP level 6. HP: 26/32 MP: 6/9
  2898 | D:4      | Reached skill level 8 in Earth Magic
  3140 | D:4      | Noticed Robin
  3338 | D:4      | Killed Robin
  3479 | D:4      | Reached skill level 9 in Earth Magic
  3481 | D:4      | Reached XP level 7. HP: 30/36 MP: 8/10
  3601 | D:4      | Found a sacrificial altar of Ru.
  3934 | D:5      | Entered Level 5 of the Dungeon
  3951 | D:5      | Reached skill level 10 in Earth Magic
  3973 | D:5      | Learned a level 5 spell: Lee's Rapid Deconstruction
  3986 | D:5      | Noticed Kenran's ghost (novice DDAr)
  4307 | D:5      | Noticed Prince Ribbit
  4324 | D:5      | Killed Prince Ribbit
  4324 | D:5      | Reached XP level 8. HP: 31/41 MP: 5/11
  4669 | D:5      | Reached skill level 11 in Earth Magic
  4988 | D:6      | Reached skill level 3 in Spellcasting
  5033 | D:6      | Found a sand-covered staircase.
  5096 | Ossuary  | Entered an ossuary
  5096 | Ossuary  | Noticed Kenran's ghost (novice OpTm)
  5110 | Ossuary  | Killed Kenran's ghost
  5110 | Ossuary  | Reached skill level 4 in Spellcasting
  5118 | Ossuary  | HP: 1/41 [mummy (16)]
  5118 | Ossuary  | Slain by a goblin zombie

Vault maps used:
D:1:      roderic_crop_circles_arrival_small, minmay_crystal_room,
          hex_intersection
D:2:      gammafunk_temple_overflow_wave, first_bread, minmay_misc_feat_tiny,
          serial_bayou_lake_a, uniq_crazy_yiuf_cottage
D:3:      cheibrodos_ashenzari_chains, minmay_ruptured, uniq_jessica
D:4:      minmay_door_path, nicolae_ru_the_path_less_chosen,
          grunt_ministairs_10, corexii_leaking_fountain, uniq_robin
D:5:      uniq_prince_ribbit1
D:6:      minmay_temple_entry_large_hall, serial_shops, nicolae_shop_crystal,
          enter_ossuary_2, st_stairs_6, kennysheep_generic_room_16
Ossuary:  minmay_ossuary_gauntlet

Skill      XL: |  1  2  3  4  5  6  7  8 |
---------------+-------------------------+-----
Earth Magic    | 4 5 6 7 9 10 11 | 11.2
Spellcasting   | 4 |  4.5
Dodging        | |  1.5
Stealth        | |  2.1
Transmutations | |  0.7

Action                   |  1- 3 |  4- 6 |  7- 9 || total
-------------------------+-------+-------+-------++-------
Melee: Unarmed           |    11 |       |       ||    11
       Short sword       |     6 |     1 |       ||     7
       Quarterstaff      |       |    53 |    38 ||    91
Throw: Stone             |       |     2 |       ||     2
 Cast: Sandblast         |    31 |    64 |    53 ||   148
Evoke: Wand              |       |       |     3 ||     3
  Use: Scroll            |       |     4 |     2 ||     6
 Stab: Confused          |       |       |     1 ||     1
  Eat: Chunk             |     1 |     7 |     6 ||    14
       Royal jelly       |       |     1 |       ||     1
Armor: Robe              |     6 |    27 |    23 ||    56
Dodge: Dodged            |    26 |    50 |    44 ||   120
